TOP OF THE 1ST |
Niagara Falls Expos batting - Pitching for Myrtle Beach Seahawks : RHP Octávio Valdéz
|
Pitching: RHP Octávio Valdéz
|
|
Batting: RHB Ramón Soto
|
0-0: Ball 1-0: Foul Ball, location: 2F 1-1: Foul Ball, location: 2F 1-2: Strikes out swinging
|
Batting: RHB Hou Kong
|
0-0: Ball 1-0: SINGLE (Line Drive, 78S)
|
Batting: RHB Ramón Degollado
|
0-0: Called Strike 0-1: Foul Ball, location: 2F 0-2: Fly out, F8 (Flyball, 8RD)
|
Batting: LHB Manuel Núñez
|
0-0: Ball 1-0: Ball 2-0: Ball 3-0: Base on Balls Hou Kong to second
|
Batting: RHB José Xirau
|
0-0: DOUBLE (Line Drive, 7) Hou Kong scores Manuel Núñez to third Runner from 3rd tries for Home, SAFE, no throw
|
Batting: RHB José Vázquez
|
0-0: SINGLE (Flyball, 8RS) José Xirau to third Runner from 3rd tries for Home, throw and OUT!
|
Top of the 1st over - 2 runs, 3 hits, 0 errors, 1 left on base; Niagara Falls 2 - Myrtle Beach 0 |
BOTTOM OF THE 1ST |
Myrtle Beach Seahawks batting - Pitching for Niagara Falls Expos : RHP Song Tsang
|
Pitching: RHP Song Tsang
|
|
Batting: RHB Francisco Moreno
|
0-0: Called Strike 0-1: Ground out 4-3 (Groundball, 34)
|
Batting: LHB Dallas Ihde
|
0-0: Called Strike 0-1: Fly out, F5 (Line Drive, 56)
|
Batting: LHB Danny Trautmann
|
0-0: Ball 1-0: Foul Ball, location: 2F 1-1: Foul Ball, location: 2F 1-2: Ball 2-2: DOUBLE (Flyball, 8RXD)
|
Batting: RHB Aquiles Morda
|
0-0: Foul Ball, location: 2F 0-1: Called Strike 0-2: Foul Ball, location: 2F 0-2: Ball 1-2: Ball 2-2: Foul Ball, location: 2F 2-2: Foul Ball, location: 2F 2-2: Ball 3-2: Base on Balls
|
Batting: LHB Gabriel Amezquita
|
0-0: Called Strike 0-1: Called Strike 0-2: Ball 1-2: Ball 2-2: Foul Ball, location: 2F 2-2: Strikes out swinging
|
Bottom of the 1st over - 0 runs, 1 hit, 0 errors, 2 left on base; Niagara Falls 2 - Myrtle Beach 0 |
TOP OF THE 2ND |
Niagara Falls Expos batting - Pitching for Myrtle Beach Seahawks : RHP Octávio Valdéz
|
Batting: RHB Francisco Valentín
|
0-0: Ball 1-0: Foul Ball, location: 2F 1-1: Foul Ball, location: 2F 1-2: Ball 2-2: Strikes out swinging
|
Batting: RHB Bogumil Tiwontschik
|
0-0: Ball 1-0: Ground out 4-3 (Groundball, 4)
|
Batting: RHB Corey Dudding
|
0-0: Ball 1-0: Foul Ball, location: 2F 1-1: Fly out, F8 (Flyball, 8RD)
|
Top of the 2nd over - 0 runs, 0 hits, 0 errors, 0 left on base; Niagara Falls 2 - Myrtle Beach 0 |
BOTTOM OF THE 2ND |
Myrtle Beach Seahawks batting - Pitching for Niagara Falls Expos : RHP Song Tsang
|
Batting: RHB Luke Thornton
|
0-0: Ball 1-0: DOUBLE (Flyball, 89D)
|
Batting: LHB Joo-young Yo
|
0-0: Foul Ball, location: 2F 0-1: Ball 1-1: Foul Ball, location: 2F 1-2: Ball 2-2: Ball 3-2: Base on Balls
|
Batting: RHB Juan Mata
|
0-0: Ball 1-0: Fly out, F7 (Flyball, 78S)
|
Batting: LHB Peter Ough
|
0-0: Foul Ball, location: 2F 0-1: Swinging Strike 0-2: Ball 1-2: Strikes out swinging
|
Batting: RHB Francisco Moreno
|
0-0: Called Strike 0-1: Foul Ball, location: 2F 0-2: Foul Ball, location: 2F 0-2: Strikes out looking
|
Bottom of the 2nd over - 0 runs, 1 hit, 0 errors, 2 left on base; Niagara Falls 2 - Myrtle Beach 0 |
TOP OF THE 3RD |
Niagara Falls Expos batting - Pitching for Myrtle Beach Seahawks : RHP Octávio Valdéz
|
Batting: RHB Ramón Soto
|
0-0: Ball 1-0: Foul Ball, location: 2F 1-1: Ball 2-1: Ball 3-1: Base on Balls
|
Batting: RHB Hou Kong
|
0-0: Ball 1-0: Swinging Strike 1-1: Foul Ball, location: 2F 1-2: Ball 2-2: Ball 3-2: Strikes out swinging Ramón Soto steals 2nd base Batter strikes out.
|
Batting: RHB Ramón Degollado
|
0-0: Ball 1-0: Ball 2-0: Ball 3-0: Base on Balls
|
Batting: LHB Manuel Núñez
|
0-0: Ball 1-0: Called Strike Ramón Soto steals 3rd base 1-1: Foul Ball, location: 2F 1-2: Ball 2-2: Foul Ball, location: 2F 2-2: Foul Ball, location: 2F 2-2: Foul Ball, location: 2F 2-2: Ball 3-2: Fly out, F4 (Line Drive, 4M)
|
Batting: RHB José Xirau
|
0-0: Ball 1-0: Ground out 6-3 (Groundball, 6S)
|
Top of the 3rd over - 0 runs, 0 hits, 0 errors, 2 left on base; Niagara Falls 2 - Myrtle Beach 0 |
BOTTOM OF THE 3RD |
Myrtle Beach Seahawks batting - Pitching for Niagara Falls Expos : RHP Song Tsang
|
Batting: LHB Dallas Ihde
|
0-0: Ball 1-0: Ball 2-0: Ball 3-0: Ground out 6-3 (Groundball, 6)
|
Batting: LHB Danny Trautmann
|
0-0: Fly out, F4 (Flyball, 4MD)
|
Batting: RHB Aquiles Morda
|
0-0: Ground out 6-3 (Groundball, 56)
|
Bottom of the 3rd over - 0 runs, 0 hits, 0 errors, 0 left on base; Niagara Falls 2 - Myrtle Beach 0 |
TOP OF THE 4TH |
Niagara Falls Expos batting - Pitching for Myrtle Beach Seahawks : RHP Octávio Valdéz
|
Batting: RHB José Vázquez
|
0-0: Swinging Strike 0-1: Ball 1-1: Swinging Strike 1-2: Ball 2-2: Foul Ball, location: 2F 2-2: Strikes out looking
|
Batting: RHB Francisco Valentín
|
0-0: Ball 1-0: SINGLE (Groundball, 3D)
|
Batting: RHB Bogumil Tiwontschik
|
0-0: Ball 1-0: Called Strike 1-1: Fly out, F7 (Flyball, 78D)
|
Batting: RHB Corey Dudding
|
0-0: Foul Ball, location: 2F 0-1: Ball 1-1: Fly out, F5 (Flyball, 5D)
|
Top of the 4th over - 0 runs, 1 hit, 0 errors, 1 left on base; Niagara Falls 2 - Myrtle Beach 0 |
BOTTOM OF THE 4TH |
Myrtle Beach Seahawks batting - Pitching for Niagara Falls Expos : RHP Song Tsang
|
Batting: LHB Gabriel Amezquita
|
0-0: Foul Ball, location: 2F 0-1: Foul Ball, location: 2F 0-2: Ball 1-2: Foul Ball, location: 2F 1-2: Fly out, F5 (Popup, 25F)
|
Batting: RHB Luke Thornton
|
0-0: Ball 1-0: Swinging Strike 1-1: Fly out, F8 (Flyball, 8LM)
|
Batting: LHB Joo-young Yo
|
0-0: Ball 1-0: Foul Ball, location: 2F 1-1: Ball 2-1: Called Strike 2-2: Foul Ball, location: 2F 2-2: Foul Ball, location: 2F 2-2: Ball 3-2: Ground out 4-3 (Groundball, 4)
|
Bottom of the 4th over - 0 runs, 0 hits, 0 errors, 0 left on base; Niagara Falls 2 - Myrtle Beach 0 |
TOP OF THE 5TH |
Niagara Falls Expos batting - Pitching for Myrtle Beach Seahawks : RHP Octávio Valdéz
|
Batting: RHB Ramón Soto
|
0-0: Ball 1-0: Called Strike 1-1: Swinging Strike 1-2: Ball 2-2: Foul Ball, location: 2F 2-2: Foul Ball, location: 2F 2-2: Ball 3-2: Foul Ball, location: 2F 3-2: SINGLE (Groundball, 4MD)
|
Batting: RHB Hou Kong
|
0-0: Ball 1-0: Ball 2-0: Ball 3-0: Called Strike 3-1: Bunted foul 3-2: SINGLE (Line Drive, 4M) Ramón Soto to second Ramón Soto to third
|
Batting: RHB Ramón Degollado
|
0-0: Grounds into double play, 6-4-3 (Groundball, 6) Ramón Soto scores
|
Batting: LHB Manuel Núñez
|
0-0: Reached on error, E2 (Groundball, 15S)
|
Batting: RHB José Xirau
|
0-0: Hit by Pitch
|
Batting: RHB José Vázquez
|
0-0: Ball 1-0: Called Strike 1-1: Ball 2-1: Swinging Strike 2-2: Ground out 4-3 (Groundball, 4)
|
Top of the 5th over - 1 run, 2 hits, 1 error, 2 left on base; Niagara Falls 3 - Myrtle Beach 0 |
BOTTOM OF THE 5TH |
Myrtle Beach Seahawks batting - Pitching for Niagara Falls Expos : RHP Song Tsang
|
Batting: RHB Juan Mata
|
0-0: Called Strike 0-1: Hit by Pitch
|
Batting: LHB Peter Ough
|
0-0: Called Strike 0-1: Swinging Strike 0-2: Ball 1-2: Ball 2-2: Foul Ball, location: 2F 2-2: Fly out, F8 (Flyball, 8LS)
|
Batting: RHB Francisco Moreno
|
0-0: Foul Ball, location: 2F 0-1: Foul Ball, location: 2F 0-2: SINGLE (Line Drive, 34) Juan Mata to second Runner from 2nd tries for 3rd, SAFE, throw made to third
|
Batting: LHB Dallas Ihde
|
0-0: SINGLE (Flyball, 9S) Juan Mata scores Francisco Moreno to second Runner from 2nd tries for 3rd, SAFE, no throw
|
Batting: LHB Danny Trautmann
|
0-0: Ball Dallas Ihde steals 2nd base 1-0: SINGLE (Line Drive, 56D) Francisco Moreno scores Dallas Ihde to third Runner from 3rd tries for Home, SAFE, no throw
|
Batting: RHB Aquiles Morda
|
0-0: Fly out, F1 (Line Drive, 15)
|
Batting: LHB Gabriel Amezquita
|
0-0: Ball 1-0: Ball 2-0: Ground out 4-3 (Groundball, 4)
|
Bottom of the 5th over - 3 runs, 3 hits, 0 errors, 1 left on base; Niagara Falls 3 - Myrtle Beach 3 |
TOP OF THE 6TH |
Niagara Falls Expos batting - Pitching for Myrtle Beach Seahawks : RHP Octávio Valdéz
|
Batting: RHB Francisco Valentín
|
0-0: Ball 1-0: Ball 2-0: Ball 3-0: Called Strike 3-1: Called Strike 3-2: Ground out U3 (Groundball, 3)
|
Batting: RHB Bogumil Tiwontschik
|
0-0: Ball 1-0: SINGLE (Groundball, 6) (infield hit)
|
Batting: RHB Corey Dudding
|
0-0: Called Strike 0-1: Ball 1-1: Swinging Strike 1-2: Ball 2-2: Strikes out swinging
|
Batting: RHB Ramón Soto
|
0-0: Ball 1-0: Ball 2-0: Ball 3-0: Called Strike 3-1: Swinging Strike 3-2: SINGLE (Groundball, 6MD) Bogumil Tiwontschik to second Bogumil Tiwontschik to third
|
Pitching: RHP Sam Schultz
|
|
Batting: RHB Hou Kong
|
0-0: Ball 1-0: Foul Ball, location: 2F 1-1: Ball 2-1: Ball 3-1: Called Strike 3-2: Ground out 5-3 (Groundball, 5)
|
Top of the 6th over - 0 runs, 2 hits, 0 errors, 2 left on base; Niagara Falls 3 - Myrtle Beach 3 |
BOTTOM OF THE 6TH |
Myrtle Beach Seahawks batting - Pitching for Niagara Falls Expos : RHP Song Tsang
|
Batting: RHB Luke Thornton
|
0-0: Foul Ball, location: 2F 0-1: Ball 1-1: Swinging Strike 1-2: Ball 2-2: Foul Ball, location: 2F 2-2: Foul Ball, location: 2F 2-2: Strikes out swinging
|
Batting: LHB Joo-young Yo
|
0-0: Swinging Strike 0-1: Foul Ball, location: 2F 0-2: Foul Ball, location: 2F 0-2: Hit by Pitch
|
Pinch Runner at 1st Quentin Harrop:
|
|
Batting: RHB Juan Mata
|
0-0: Grounds into double play, 6-4-3 (Groundball, 6)
|
Bottom of the 6th over - 0 runs, 0 hits, 0 errors, 0 left on base; Niagara Falls 3 - Myrtle Beach 3 |
TOP OF THE 7TH |
Niagara Falls Expos batting - Pitching for Myrtle Beach Seahawks : RHP Sam Schultz
|
Now in RF: Quentin Harrop
|
|
Batting: RHB Ramón Degollado
|
0-0: Ball 1-0: Fly out, F9 (Flyball, 9S)
|
Batting: LHB Manuel Núñez
|
0-0: Ball 1-0: Foul Ball, location: 2F 1-1: Ball 2-1: SINGLE (Groundball, 4S) (infield hit)
|
Pinch Hitting: LHB Duk-yeo Chin
|
0-0: Ball 1-0: Ball Wild Pitch! Manuel Núñez to second 2-0: Ball 3-0: Called Strike 3-1: Called Strike 3-2: Base on Balls
|
Batting: RHB José Vázquez
|
0-0: Ball 1-0: Foul Ball, location: 2F 1-1: Ball 2-1: Ball 3-1: Base on Balls Manuel Núñez to third Duk-yeo Chin to second
|
Batting: RHB Francisco Valentín
|
0-0: Called Strike 0-1: Foul Ball, location: 2F 0-2: Ball 1-2: Ball 2-2: Foul Ball, location: 2F 2-2: Foul Ball, location: 2F 2-2: Strikes out looking
|
Batting: RHB Bogumil Tiwontschik
|
0-0: Foul Ball, location: 2F 0-1: DOUBLE (Line Drive, 78XD) Manuel Núñez scores Duk-yeo Chin scores José Vázquez to third Runner from 3rd tries for Home, SAFE, no throw
|
Pitching: RHP Sebastian Calvert
|
|
Batting: RHB Corey Dudding
|
0-0: Called Strike 0-1: Ball 1-1: Foul Ball, location: 2F 1-2: Ball 2-2: Ball 3-2: Strikes out swinging
|
Top of the 7th over - 3 runs, 2 hits, 0 errors, 1 left on base; Niagara Falls 6 - Myrtle Beach 3 |
BOTTOM OF THE 7TH |
Myrtle Beach Seahawks batting - Pitching for Niagara Falls Expos : RHP Song Tsang
|
Now at 3B: Duk-yeo Chin
|
|
Now at SS: Min-tae Yi
|
|
Now in CF: Fred Hulvey
|
|
Batting: LHB Peter Ough
|
0-0: Fly out, F8 (Flyball, 8LD)
|
Batting: RHB Francisco Moreno
|
0-0: Ground out 6-3 (Groundball, 56)
|
Batting: LHB Dallas Ihde
|
0-0: Called Strike 0-1: Foul Ball, location: 2F 0-2: Ball 1-2: Foul Ball, location: 2F 1-2: Ball 2-2: Ball 3-2: Strikes out swinging
|
Bottom of the 7th over - 0 runs, 0 hits, 0 errors, 0 left on base; Niagara Falls 6 - Myrtle Beach 3 |
TOP OF THE 8TH |
Niagara Falls Expos batting - Pitching for Myrtle Beach Seahawks : RHP Sebastian Calvert
|
Batting: RHB Ramón Soto
|
0-0: Ball 1-0: Called Strike 1-1: Ball 2-1: SINGLE (Line Drive, 78S)
|
Batting: RHB Hou Kong
|
0-0: Ball 1-0: Called Strike 1-1: Swinging Strike 1-2: Fly out, F8 (Flyball, 8RS)
|
Batting: RHB Ramón Degollado
|
0-0: Ball 1-0: Ball 2-0: Foul Ball, location: 2F 2-1: Ball 3-1: Called Strike 3-2: 2-RUN HOME RUN (Line Drive, 7D), Distance : 422 ft
|
Batting: LHB Manuel Núñez
|
0-0: Called Strike 0-1: Called Strike 0-2: Foul Ball, location: 2F 0-2: Ball 1-2: Ball 2-2: SINGLE (Line Drive, 8RS)
|
Batting: LHB Duk-yeo Chin
|
0-0: Called Strike 0-1: Ball Pickoff Throw to First - Error! E1 Manuel Núñez to second 1-1: Ball 2-1: Foul Ball, location: 2F 2-2: Foul Ball, location: 2F 2-2: Reached on error, E3 (Groundball, 34) Manuel Núñez to third
|
Batting: RHB José Vázquez
|
0-0: Ball 1-0: Ball 2-0: Ball 3-0: Called Strike 3-1: Base on Balls Duk-yeo Chin to second
|
Batting: RHB Fred Hulvey
|
0-0: GRAND SLAM HOME RUN (Flyball, 7LD), Distance : 359 ft
|
Batting: RHB Min-tae Yi
|
0-0: Called Strike 0-1: Foul Ball, location: 2F 0-2: Foul Ball, location: 2F 0-2: Ball 1-2: Ball 2-2: Strikes out looking
|
Batting: RHB Corey Dudding
|
0-0: Ball 1-0: Foul Ball, location: 2F 1-1: Foul Ball, location: 2F 1-2: Strikes out swinging
|
Top of the 8th over - 6 runs, 4 hits, 2 errors, 0 left on base; Niagara Falls 12 - Myrtle Beach 3 |
BOTTOM OF THE 8TH |
Myrtle Beach Seahawks batting - Pitching for Niagara Falls Expos : RHP Song Tsang
|
Batting: LHB Danny Trautmann
|
0-0: Foul Ball, location: 2F 0-1: Swinging Strike 0-2: Strikes out swinging
|
Pinch Hitting: RHB Melvin Aikey
|
0-0: Ball 1-0: Called Strike 1-1: Swinging Strike 1-2: Foul Ball, location: 2F 1-2: Ball 2-2: Ball 3-2: Strikes out swinging
|
Batting: LHB Gabriel Amezquita
|
0-0: Fly out, F8 (Flyball, 8LD)
|
Bottom of the 8th over - 0 runs, 0 hits, 0 errors, 0 left on base; Niagara Falls 12 - Myrtle Beach 3 |
TOP OF THE 9TH |
Niagara Falls Expos batting - Pitching for Myrtle Beach Seahawks : RHP Sebastian Calvert
|
Now in LF: Chuk-yan Yang
|
|
Batting: RHB Ramón Soto
|
0-0: Foul Ball, location: 2F 0-1: Ball 1-1: Ball 2-1: Foul Ball, location: 2F 2-2: Foul Ball, location: 2F 2-2: Ball 3-2: SINGLE (Line Drive, 56D)
|
Batting: RHB Hou Kong
|
0-0: Ball 1-0: Called Strike 1-1: Foul Ball, location: 2F 1-2: Foul Ball, location: 2F 1-2: Grounds into double play, 6-4-3 (Groundball, 6)
|
Batting: RHB Ramón Degollado
|
0-0: Ball 1-0: Called Strike 1-1: Ball 2-1: SINGLE (Line Drive, 6S) (infield hit)
|
Batting: LHB Manuel Núñez
|
0-0: Ball 1-0: Ball 2-0: Called Strike 2-1: Ground out 4-3 (Groundball, 4D)
|
Top of the 9th over - 0 runs, 2 hits, 0 errors, 1 left on base; Niagara Falls 12 - Myrtle Beach 3 |
BOTTOM OF THE 9TH |
Myrtle Beach Seahawks batting - Pitching for Niagara Falls Expos : RHP Song Tsang
|
Batting: RHB Luke Thornton
|
0-0: Called Strike 0-1: Ground out 3-1 (Groundball, 23)
|
Batting: SHB Quentin Harrop
|
0-0: Ball 1-0: Ball 2-0: Ball 3-0: Base on Balls
|
Pitching: RHP Tony Wolfe
|
|
Batting: RHB Juan Mata
|
0-0: Called Strike 0-1: Ball 1-1: Grounds into double play, 5-4-3 (Groundball, 5)
|
Bottom of the 9th over - 0 runs, 0 hits, 0 errors, 0 left on base; Niagara Falls 12 - Myrtle Beach 3 |
|